 Dungeon Crawl Stone Soup version 0.28-a0-983-g1de4e0787c (webtiles) character file.

Game seed: 7155136311935510148

71 ytrimaz the Chopper (level 4, -18/35 HPs)
             Began as a Formicid Fighter on Dec 2, 2021.
             Killed by an exploding quokka (21 damage)
             ... ignited by their inner flame
             ... on level 1 of the Dungeon.
             The game lasted 00:01:49 (1612 turns).

ytrimaz the Chopper (Formicid Fighter)              Turns: 1612, Time: 00:01:50

Health: -18/35     AC:  7    Str: 22    XL:     4   Next: 47%
Magic:  4/4        EV:  9    Int:  8    God:
Gold:   59         SH:  4    Dex: 10    Spells: 3/3 levels left

rFire   . . .      SeeInvis +   a - +0 war axe
rCold   . . .      Faith    .   c - +0 buckler
rNeg    . . .      Spirit   .   b - +1 scale mail
rPois   .          Reflect  .   (helmet unavailable)
rElec   .          Harm     .   (no cloak)
rCorr   .          Rampage  .   (no gloves)
Will    .....                   (no boots)
Stlth   ..........              (no amulet)
HPRegen 0.11/turn               (no ring)
MPRegen 0.09/turn               (no ring)

@: no status effects
A: permanent stasis, dig shafts and tunnels, antennae 3, four strong arms
a: Dig, Shaft Self


You were on level 1 of the Dungeon.
You visited 1 branch of the dungeon, and saw 2 of its levels.

You collected 59 gold pieces.

Inventory:

Hand Weapons
 a - a +0 war axe (weapon)
Armour
 b - a +1 scale mail (worn)
 c - a +0 buckler (worn)
Scrolls
 e - a scroll of immolation
Potions
 d - a potion of might


   Skills:
 - Level 3.2 Fighting
 + Level 4.4 Axes
 - Level 3.2 Armour
 - Level 3.6 Shields


You had 3 spell levels left.
You didn't know any spells.
Your spell library contained the following spells:

 Spells                   Type           Power      Damage    Failure   Level
 Magic Dart               Conj           0%         1d3       75%         1
 Call Imp                 Summ           0%         N/A       86%         2
 Mephitic Cloud           Conj/Pois/Air  0%         N/A       98%         3


Dungeon Overview and Level Annotations

Branches:
Dungeon (2/15)

Altars:

Annotations:
D:2 1 runed translucent door, Crazy Yiuf


Innate Abilities, Weirdness & Mutations

You cannot be hasted, slowed, berserked, paralysed or teleported.
You can dig through walls and to a lower floor.
You have a pair of large antennae on your head. (SInv)
Your four strong arms can wield two-handed weapons with a shield.


Message History

You hit the quokka but do no damage.
The quokka bites you but does no damage. x2
You barely miss the quokka. The quokka barely misses you.
You closely miss the quokka. The quokka barely misses you. x2
As you read the scroll labelled LYAMUF MISM, it crumbles to dust.
The creatures around you are filled with an inner flame!
It was a scroll of immolation.
You block the quokka's attack.
Unknown command.
You closely miss the quokka. The quokka closely misses you.
Unknown command.
The quokka barely misses you.
The quokka bites you but does no damage.
An adder comes into view.
Found an escape hatch in the ceiling.
The adder hisses angrily.
The quokka barely misses you.
Found a stone staircase leading down.
The adder barely misses you. The adder bites you. x2
* * * LOW HITPOINT WARNING * * *
You are poisoned.
The adder poisons you!
You feel sick. You block the adder's attack.
You feel sick. The quokka bites you.
* * * LOW HITPOINT WARNING * * *
You feel sick. The adder bites you but does no damage.
There is an escape hatch in the ceiling here.
You feel sick. The adder barely misses you.
The quokka bites you but does no damage.
A mysterious force pulls you upwards. The hatch slams shut behind you.
You feel sick.
Unknown command.
You feel sick.
You are no longer poisoned.
The quokka barely misses you.
The quokka bites you but does no damage.
You slash the quokka! You slash the adder!
The quokka explodes!
The fiery explosion engulfs you!!
Ouch! That really hurt!
You die...

#.##.##.######### #########.
#.##........# #.......#.
###.#####.###.# #.#####.#.
.##.#####.###)## #.##......
.##.......##...# #.##.##.#.
.###########...# #####.##.##.#.
....#### #...# #...........#.
.......#####...#####.###.........
....##.#........@S§#.###....##...
..#.#.........###§§....).........
....#..#......#⌠#§§#.##...≈.##...
....#..#####..###..#.##.≈≈≈.##...
........# #......##...≈≈.≈....##
...##.#.# #...#..####[.≈.≈.#####
...##.#.# #.....## #....≈## #
......#.# ##.#### ##..≈≈######
#..####.#####.#########...≈......


You could see an adder.

Vanquished Creatures
  3 adders (D:2)
  3 worms (D:2)
  A dart slug (D:1)
  A ball python (D:1)
  An endoplasm (D:2)
  A giant cockroach (D:1)
  5 goblins
  3 hobgoblins (D:1)
  A jackal (D:2)
  2 quokkas (D:1)
  4 bats
  4 frilled lizards
  3 kobolds
  4 rats (D:1)
36 creatures vanquished.

Vanquished Creatures (others)
  8 fungi (D:2)
  3 plants (D:2)
11 creatures vanquished.

Grand Total: 47 creatures vanquished

Notes
Turn   | Place    | Note
-------+----------+-------------------------------------------
     0 | D:1      | ytrimaz the Formicid Fighter began the quest for the Orb.
     0 | D:1      | Reached XP level 1. HP: 18/18 MP: 1/1
   203 | D:1      | Reached XP level 2. HP: 22/24 MP: 2/2
   300 | D:1      | Reached skill level 3 in Axes
   556 | D:1      | Reached XP level 3. HP: 29/29 MP: 3/3
  1047 | D:2      | Found a runed translucent door.
  1048 | D:2      | Noticed Crazy Yiuf
  1075 | D:2      | Reached skill level 4 in Axes
  1075 | D:2      | Reached XP level 4. HP: 28/35 MP: 4/4
  1612 | D:1      | Killed by an exploding quokka... ignited by their inner
                  | flame

Illustrated notes

Levels and vault maps discovered:
D:1:      wheals_arrival_shading, layout_loops_cross, minmay_statues_item,
          chequers_serial_rivers_micro_e, feat_on_display
D:2:      layout_loops_ring, shapermc_ecumenical_altar_hornbeckon,
          minmay_tetromino_i4, uniq_crazy_yiuf_cottage

Skill      XL: |  1  2  3 |
---------------+----------+-----
Axes           | 3 4 |  4.4
Fighting       | |  3.2
Armour         | |  3.2
Shields        | |  3.6

Action                   |  1- 3 |  4- 6 || total
-------------------------+-------+-------++-------
Melee: War axe           |    73 |    31 ||   104
  Use: Scroll            |     4 |     2 ||     6
       Potion            |     1 |       ||     1
Armor: Scale mail        |    28 |    34 ||    62
Dodge: Dodged            |    34 |    24 ||    58
Block: Buckler           |    23 |     9 ||    32

Table legend: (Time is in decaauts)
 A = Elapsed time spent in this place.
 B = Non-inter-level travel time spent in this place.
 C = Inter-level travel time spent in this place.
 D = Time resting spent in this place.
 E = Time spent auto-exploring this place.
 F = Levels seen in this place.
 G = Mean time per level.
                   A        B        C        D        E       F      G
               +--------+--------+--------+--------+--------+-----+--------+
         Total |   1647 |   1638 |      9 |    124 |   1230 |   2 |  823.5 |
       Dungeon |   1647 |   1638 |      9 |    124 |   1230 |   2 |  823.5 |
               +--------+--------+--------+--------+--------+-----+--------+

Top non-repeatable levels by time:
     D:1: 940 daAuts
     D:2: 706 daAuts
